 Dungeon Crawl Stone Soup version 0.26.0-45-g9c1d065592 (webtiles) character file.

Game seed: 6363870415793781821

60 DungeonDestroyer the Covered (level 3, 0/33 HPs)
             Began as a Minotaur Fighter on Jan 30, 2021.
             Succumbed to an adder's poison
             ... on level 1 of the Dungeon.
             The game lasted 00:03:06 (1118 turns).

DungeonDestroyer the Covered (Minotaur Fighter)     Turns: 1118, Time: 00:03:07

Health: 0/33       AC:  7    Str: 19 (20) XL:     3   Next: 80%
Magic:  2/2        EV:  7    Int:  2 (5)  God:
Gold:   105        SH:  9    Dex:  8 (10) Spells: 2/2 levels left

rFire    + . .     SeeInvis .   a - +0 war axe
rCold    + . .     Faith    .   c - +0 kite shield
rNeg     . . .     Spirit   .   b - +0 scale mail
rPois    +         Reflect  .   (helmet unavailable)
rElec    +         Harm     .   (no cloak)
rCorr    +         Rampage  .   (no gloves)
Will     .....                  (no boots)
Stlth    ..........             (no amulet)
HPRegen  0.11/turn              (no ring)
MPRegen  0.08/turn              (no ring)

@: lethally poisoned (0 -> -2), resistant, hasted, very quick
A: retaliatory headbutt, horns 3, blink
a: Blink


You were on level 1 of the Dungeon.
You visited 1 branch of the dungeon, and saw 2 of its levels.

You collected 105 gold pieces.

Inventory:

Hand Weapons
 a - a +0 war axe (weapon)
Armour
 b - a +0 scale mail (worn)
 c - a +0 kite shield (worn)
Scrolls
 f - a scroll of identify {unknown}
 j - a scroll of blinking {unknown}
Potions
 d - a potion of might
 g - a potion of haste


   Skills:
 * Level 4.2 Fighting
 * Level 3.1 Axes
 * Level 4.2 Armour
 + Level 1.0 Dodging
 * Level 4.2 Shields


You had 2 spell levels left.
You didn't know any spells.
Your spell library was empty.

Dungeon Overview and Level Annotations

Branches:
Dungeon (2/15)

Altars:

Annotations:
D:2 Sigmund


Innate Abilities, Weirdness & Mutations

You reflexively headbutt those who attack you in melee.
You have a pair of large horns on your head.
You can translocate small distances at will.


Message History

Reactivating autopickup.
* * * LOW HITPOINT WARNING * * *
You feel sick.
There is a stone staircase leading down here.
It was a potion of mutation.
You feel extremely strange.
You feel jittery. The horns on your head grow some more.
It was a potion of haste.
You feel yourself speed up.
* * * LOW HITPOINT WARNING * * *
You feel sick.
It was a potion of degeneration.
There was something very wrong with that liquid.
You feel weakened.
You feel dopey.
You feel clumsy.
It was a potion of resistance.
You feel protected.
There is a lethal amount of poison in your body!
There is a lethal amount of poison in your body!
There is a lethal amount of poison in your body!
There is a lethal amount of poison in your body!
There is a stone staircase leading down here.
You die...

#..###.#...######...##### #.
#..###.#...#####........# #.
#####..##......#..>#........# ##.
....#..##.#)...'###'........###..
)............<.## #####'####.....
.##.#..#......># #.########..
.##.#...###.######## ##†...# ##.
.##.##.## ###......# ##...# ##
.##.##.# #...@..# #...# .##.##.##
###.)....# #...#
.##.###.###.######## #######
....# ##...###########.# #####
##.#.........##.## #
#.......###.#.[.## #
###.###.###......######## #
#.###.................. #
#.........##.##########


There were no monsters in sight!

Vanquished Creatures
  3 adders (D:2)
  2 dart slugs (D:1)
  3 giant cockroaches
  7 goblins
  2 hobgoblins
  2 jackals (D:1)
  4 bats
  A frilled lizard (D:1)
  A kobold (D:1)
  3 rats
28 creatures vanquished.

Notes
Turn   | Place    | Note
-------+----------+-------------------------------------------
     0 | D:1      | DungeonDestroyer the Minotaur Fighter began the quest for
                  | the Orb.
     0 | D:1      | Reached XP level 1. HP: 19/19 MP: 0/0
   197 | D:1      | Reached XP level 2. HP: 25/27 MP: 1/1
   634 | D:1      | You fall into a shaft and drop 1 floor!
   850 | D:2      | Reached XP level 3. HP: 33/33 MP: 2/2
  1086 | D:2      | Noticed Sigmund
  1108 | D:2      | Reached skill level 1 in Dodging
  1110 | D:1      | HP: 1/33 [poisoned by an adder]
  1111 | D:1      | Gained mutation: You can translocate small distances at
                  | will. [potion of mutation]
  1111 | D:1      | Gained mutation: You have a pair of large horns on your
                  | head. [potion of mutation]
  1118 | D:1      | Succumbed to an adder's poison

Illustrated notes

Levels and vault maps discovered:
D:1:      dpeg_arrival_connections, layout_loops_corners
D:2:      layout_basic, hangedman_decor_points, minmay_tromino_i2, uniq_sigmund

Skill      XL: |  1  2  3 |
---------------+----------+-----
Armour         | 4 |  4.2
Fighting       | 4 |  4.2
Shields        | 4 |  4.2
Axes           | 3 |  3.1
Dodging        | 1 |  1.0

Action                   || total
-------------------------++-------
Melee: War axe           ||    62
       Headbutt          ||     8
  Use: Potion            ||     4
Armor: Scale mail        ||    26
Dodge: Dodged            ||    17
Block: Kite shield       ||    34
